PCL
DISTRICT 9 PRAWNS @ LAS VEGAS STARS
07/14/2026
 
TOP OF THE 1ST
District 9 Prawns batting - Pitching for Las Vegas Stars : RHP Ramón Pérez
Pitching: RHP Ramón Pérez
Batting: RHB Rafael González 0-0: Foul Ball, location: 2F
0-1: Swinging Strike
0-2: Ball
1-2: Strikes out swinging
Batting: LHB Leonard Harvey 0-0: Foul Ball, location: 2F
0-1: Ball
1-1: Ball
2-1: Ground out 3-1 (Groundball, 34)
Batting: RHB Jesús Cruz 0-0: Ball
1-0: Foul Ball, location: 2F
1-1: Fly out, F9 (Flyball, 9S)
Top of the 1st over - 0 run(s), 0 hit(s), 0 error(s), 0 left on base; District 9 0 - Las Vegas 0
BOTTOM OF THE 1ST
Las Vegas Stars batting - Pitching for District 9 Prawns : RHP Jeff Townsend
Pitching: RHP Jeff Townsend
Batting: RHB Matthieu Vancini 0-0: Swinging Strike
0-1: Called Strike
0-2: Fly out, F3 (Popup, 3L)
Batting: LHB Bryan Foster 0-0: Ball
1-0: Ball
2-0: Foul Ball, location: 2F
2-1: Ball
3-1: Foul Ball, location: 2F
3-2: Strikes out swinging
Batting: RHB Kyle Bacon 0-0: Swinging Strike
0-1: Ball
1-1: Ball
2-1: Ball
3-1: Fly out, F9 (Flyball, 89M)
Bottom of the 1st over - 0 run(s), 0 hit(s), 0 error(s), 0 left on base; District 9 0 - Las Vegas 0
TOP OF THE 2ND
District 9 Prawns batting - Pitching for Las Vegas Stars : RHP Ramón Pérez
Batting: RHB Alfredo Rangel 0-0: Ball
Single, Error in OF, E7, batter to second base
Batting: RHB Lateef Makini 0-0: Ball
1-0: Called Strike
1-1: Ball
2-1: Foul Ball, location: 2F
2-2: Strikes out swinging
Batting: LHB Leonard Young 0-0: Swinging Strike
0-1: Called Strike
0-2: Foul Ball, location: 2F
0-2: Ball
1-2: Hit by Pitch
Batting: RHB Brian Jackson 0-0: Called Strike
0-1: Grounds into double play, 6-4-3 (Groundball, 6)
Top of the 2nd over - 0 run(s), 1 hit(s), 1 error(s), 1 left on base; District 9 0 - Las Vegas 0
BOTTOM OF THE 2ND
Las Vegas Stars batting - Pitching for District 9 Prawns : RHP Jeff Townsend
Batting: LHB Diego Torres 0-0: Ball
1-0: Ball
2-0: Ball
3-0: Base on Balls
Batting: RHB Reginaldo Jaconelli 0-0: Called Strike
0-1: Ball
1-1: Ball
2-1: Called Strike
2-2: Ball
Diego Torres steals 2nd base
3-2: Fly out, F4 (Popup, 4)
Batting: LHB Fernando De La Cruz 0-0: Called Strike
0-1: Called Strike
0-2: Hit by Pitch
Batting: RHB Douglas Davis 0-0: Ball
1-0: Called Strike
1-1: Ball
2-1: Ball
3-1: Base on Balls
Diego Torres to third
Fernando De La Cruz to second
Batting: LHB Henry Leroux 0-0: Ball
1-0: Ball
2-0: Called Strike
2-1: Foul Ball, location: 2F
2-2: Ball
3-2: Foul Ball, location: 2F
3-2: SINGLE (Line Drive, 4M)
Diego Torres scores
Fernando De La Cruz to third
Douglas Davis to second
Runner from 3rd tries for Home, SAFE, throw made home
Douglas Davis to third
Henry Leroux to second
Batting: RHB Ryan Campbell 0-0: Swinging Strike
0-1: Swinging Strike
0-2: Foul Ball, location: 2F
0-2: Ball
1-2: Strikes out looking
Batting: RHB Matthieu Vancini 0-0: Called Strike
0-1: Foul Ball, location: 2F
0-2: Foul Ball, location: 2F
0-2: Ball
1-2: Ball
2-2: SINGLE (Line Drive, 34D)
Douglas Davis scores
Henry Leroux to third
Runner from 3rd tries for Home, SAFE, no throw or cutoff
Batting: LHB Bryan Foster 0-0: Ball
Matthieu Vancini steals 2nd base
1-0: Foul Ball, location: 2F
1-1: Foul Ball, location: 2F
1-2: Strikes out swinging
Bottom of the 2nd over - 4 run(s), 2 hit(s), 0 error(s), 1 left on base; District 9 0 - Las Vegas 4
TOP OF THE 3RD
District 9 Prawns batting - Pitching for Las Vegas Stars : RHP Ramón Pérez
Batting: RHB Lúcio García 0-0: Ball
1-0: Ball
2-0: TRIPLE (Flyball, 9D)
Batting: RHB Mal Snyder 0-0: Swinging Strike
0-1: Foul Ball, location: 2F
0-2: Ball
1-2: Strikes out swinging
Batting: RHB Rafael González 0-0: Ball
1-0: Foul Ball, location: 2F
1-1: Foul Ball, location: 2F
1-2: Ball
2-2: Ball
3-2: Fly out, F7 (Flyball, 7M)
Runner from 3rd tags up, SCORES, no throw
Batting: LHB Leonard Harvey 0-0: Ball
1-0: Foul Ball, location: 2F
1-1: Called Strike
1-2: Strikes out swinging
Top of the 3rd over - 1 run(s), 1 hit(s), 0 error(s), 0 left on base; District 9 1 - Las Vegas 4
BOTTOM OF THE 3RD
Las Vegas Stars batting - Pitching for District 9 Prawns : RHP Jeff Townsend
Batting: RHB Kyle Bacon 0-0: Ball
1-0: Foul Ball, location: 2F
1-1: SINGLE (Flyball, 89M)
Batting: LHB Diego Torres 0-0: Called Strike
Kyle Bacon is caught stealing 2nd base
0-1: Ball
1-1: Foul Ball, location: 2F
1-2: Strikes out swinging
Batting: RHB Reginaldo Jaconelli 0-0: Ball
1-0: Ball
2-0: Ball
3-0: Called Strike
3-1: Base on Balls
Batting: LHB Fernando De La Cruz 0-0: Ball
1-0: Swinging Strike
1-1: Fly out, F8 (Flyball, 8RD)
Bottom of the 3rd over - 0 run(s), 1 hit(s), 0 error(s), 1 left on base; District 9 1 - Las Vegas 4
TOP OF THE 4TH
District 9 Prawns batting - Pitching for Las Vegas Stars : RHP Ramón Pérez
Batting: RHB Jesús Cruz 0-0: SINGLE (Groundball, 34S)
Batting: RHB Alfredo Rangel 0-0: Fly out, F6 (Line Drive, 6)
Batting: RHB Lateef Makini 0-0: Ball
1-0: Called Strike
1-1: Ball
2-1: Ball
3-1: Base on Balls
Jesús Cruz to second
Batting: LHB Leonard Young 0-0: Foul Ball, location: 2F
0-1: Ball
1-1: Called Strike
1-2: Ball
2-2: Fly out, F8 (Flyball, 89XD)
Runner from 2nd tags up, SAFE at 3rd, no throw
Batting: RHB Brian Jackson 0-0: Called Strike
0-1: Foul Ball, location: 2F
0-2: Ball
1-2: Strikes out swinging
Top of the 4th over - 0 run(s), 1 hit(s), 0 error(s), 2 left on base; District 9 1 - Las Vegas 4
BOTTOM OF THE 4TH
Las Vegas Stars batting - Pitching for District 9 Prawns : RHP Jeff Townsend
Batting: RHB Douglas Davis 0-0: Ball
1-0: SINGLE (Groundball, 56D)
Batting: LHB Henry Leroux 0-0: Fly out, F7 (Flyball, 7S)
Batting: RHB Ryan Campbell 0-0: Called Strike
0-1: Swinging Strike
0-2: Ball
1-2: Strikes out swinging
Pitching: RHP Eduardo Delgado
Batting: RHB Matthieu Vancini 0-0: Ground out 5-3 (Groundball, 5)
Bottom of the 4th over - 0 run(s), 1 hit(s), 0 error(s), 1 left on base; District 9 1 - Las Vegas 4
TOP OF THE 5TH
District 9 Prawns batting - Pitching for Las Vegas Stars : RHP Ramón Pérez
Batting: RHB Lúcio García 0-0: Ball
1-0: Foul Ball, location: 2F
1-1: Called Strike
1-2: Strikes out swinging
Batting: RHB Mal Snyder 0-0: Ball
1-0: TRIPLE (Line Drive, 9LM)
Batting: RHB Rafael González 0-0: Ball
1-0: Foul Ball, location: 2F
1-1: Foul Ball, location: 2F
1-2: SINGLE (Line Drive, 34D)
Mal Snyder scores
Batting: LHB Leonard Harvey 0-0: Ball
1-0: Swinging Strike
1-1: Ball
2-1: Grounds into double play, 4-6-3 (Groundball, 4)
Top of the 5th over - 1 run(s), 2 hit(s), 0 error(s), 0 left on base; District 9 2 - Las Vegas 4
BOTTOM OF THE 5TH
Las Vegas Stars batting - Pitching for District 9 Prawns : RHP Eduardo Delgado
Batting: LHB Bryan Foster 0-0: Ball
1-0: SINGLE (Groundball, 34D)
Batting: RHB Kyle Bacon 0-0: Foul Ball, location: 2F
0-1: Foul Ball, location: 2F
0-2: Ball
1-2: Strikes out swinging
Batting: LHB Diego Torres 0-0: Foul Ball, location: 2F
0-1: Foul Ball, location: 2F
0-2: Foul Ball, location: 2F
0-2: Foul Ball, location: 2F
0-2: Foul Ball, location: 2F
0-2: Foul Ball, location: 2F
0-2: Foul Ball, location: 2F
0-2: Strikes out swinging
Batting: RHB Reginaldo Jaconelli 0-0: Ball
1-0: Called Strike
1-1: Swinging Strike
1-2: Strikes out swinging
Bottom of the 5th over - 0 run(s), 1 hit(s), 0 error(s), 1 left on base; District 9 2 - Las Vegas 4
TOP OF THE 6TH
District 9 Prawns batting - Pitching for Las Vegas Stars : RHP Ramón Pérez
Batting: RHB Jesús Cruz 0-0: Foul Ball, location: 2F
0-1: Fly out, F8 (Flyball, 8LXD)
Batting: RHB Alfredo Rangel 0-0: Called Strike
0-1: Swinging Strike
0-2: Ball
1-2: SOLO HOME RUN (Flyball, 7D), Distance : 417 ft
Batting: RHB Lateef Makini 0-0: Called Strike
0-1: Fly out, F4 (Popup, 4D)
Batting: LHB Leonard Young 0-0: Called Strike
0-1: Ball
1-1: Ball
2-1: Ball
3-1: Ground out 4-3 (Groundball, 4)
Top of the 6th over - 1 run(s), 1 hit(s), 0 error(s), 0 left on base; District 9 3 - Las Vegas 4
BOTTOM OF THE 6TH
Las Vegas Stars batting - Pitching for District 9 Prawns : RHP Eduardo Delgado
Batting: LHB Fernando De La Cruz 0-0: Foul Ball, location: 2F
0-1: Called Strike
0-2: Ball
1-2: Ball
2-2: Foul Ball, location: 2F
2-2: Ball
3-2: Strikes out swinging
Batting: RHB Douglas Davis 0-0: Ball
1-0: Foul Ball, location: 2F
1-1: Foul Ball, location: 2F
1-2: Ground out U3 (Groundball, 3)
Batting: LHB Henry Leroux 0-0: Called Strike
0-1: Ball
1-1: Foul Ball, location: 2F
1-2: Ball
2-2: Ground out 5-3 (Groundball, 5S)
Bottom of the 6th over - 0 run(s), 0 hit(s), 0 error(s), 0 left on base; District 9 3 - Las Vegas 4
TOP OF THE 7TH
District 9 Prawns batting - Pitching for Las Vegas Stars : RHP Ramón Pérez
Pitching: RHP Mike Drader
Batting: RHB Brian Jackson 0-0: Foul Ball, location: 2F
0-1: SOLO HOME RUN (Flyball, 7D), Distance : 402 ft
Batting: RHB Lúcio García 0-0: Ball
1-0: Ball
2-0: Ball
3-0: Called Strike
3-1: Foul Ball, location: 2F
3-2: Base on Balls
Batting: RHB Mal Snyder 0-0: Sac Bunt - play at first, batter OUT! 2-4
Lúcio García to second
Pinch Hitting: LHB Enrique Nalasco 0-0: Intentional Walk
Batting: LHB Leonard Harvey 0-0: Called Strike
0-1: Ball
1-1: Foul Ball, location: 2F
1-2: Strikes out looking
Pinch Hitting: SHB Tommy Bourassa 0-0: Ball
1-0: Ground out 4-3 (Groundball, 34)
Top of the 7th over - 1 run(s), 1 hit(s), 0 error(s), 2 left on base; District 9 4 - Las Vegas 4
BOTTOM OF THE 7TH
Las Vegas Stars batting - Pitching for District 9 Prawns : RHP Eduardo Delgado
Pitching: LHP Pedro Valdés
Now at 2B: George Flanagan
Now at SS: Ernie Russell
Batting: RHB Ryan Campbell 0-0: Ground out 1-3 (Groundball, 23)
Batting: RHB Matthieu Vancini 0-0: Ball
1-0: DOUBLE (Line Drive, 5D)
Pinch Hitting: RHB Brian George 0-0: Called Strike
0-1: Swinging Strike
0-2: Ball
1-2: Strikes out swinging
Batting: RHB Kyle Bacon 0-0: Ball
1-0: Swinging Strike
1-1: Called Strike
1-2: Ball
2-2: Foul Ball, location: 2F
2-2: Foul Ball, location: 2F
2-2: Foul Ball, location: 2F
2-2: Foul Ball, location: 2F
2-2: Ball
3-2: Strikes out swinging
Bottom of the 7th over - 0 run(s), 1 hit(s), 0 error(s), 1 left on base; District 9 4 - Las Vegas 4
TOP OF THE 8TH
District 9 Prawns batting - Pitching for Las Vegas Stars : RHP Mike Drader
Now in CF: Eliot Helen
Batting: RHB Alfredo Rangel 0-0: Foul Ball, location: 2F
0-1: Ball
1-1: Swinging Strike
1-2: Strikes out swinging
Batting: RHB Lateef Makini 0-0: Called Strike
0-1: Foul Ball, location: 2F
0-2: Strikes out swinging
Batting: LHB Leonard Young 0-0: Called Strike
0-1: Called Strike
0-2: Ball
1-2: Foul Ball, location: 2F
1-2: Foul Ball, location: 2F
1-2: Fly out, F8 (Flyball, 8LS)
Top of the 8th over - 0 run(s), 0 hit(s), 0 error(s), 0 left on base; District 9 4 - Las Vegas 4
BOTTOM OF THE 8TH
Las Vegas Stars batting - Pitching for District 9 Prawns : LHP Pedro Valdés
Pinch Hitting: SHB Sloan James 0-0: Ball
1-0: Ground out 6-3 (Groundball, 6)
Batting: RHB Reginaldo Jaconelli 0-0: Ball
1-0: Called Strike
1-1: Ball
2-1: Foul Ball, location: 2F
2-2: Foul Ball, location: 2F
2-2: Ball
3-2: Strikes out swinging
Pinch Hitting: RHB Ron Shelton 0-0: Ball
1-0: Foul Ball, location: 2F
1-1: Ball
2-1: Ground out 4-3 (Groundball, 4)
Bottom of the 8th over - 0 run(s), 0 hit(s), 0 error(s), 0 left on base; District 9 4 - Las Vegas 4
TOP OF THE 9TH
District 9 Prawns batting - Pitching for Las Vegas Stars : RHP Mike Drader
Pitching: RHP Armando López
Now at 1B: Sloan James
Now at 2B: Susumu Sugiyama
Batting: RHB Brian Jackson 0-0: DOUBLE (Line Drive, 6M)
Batting: RHB Lúcio García 0-0: Foul Ball, location: 2F
0-1: Ball
1-1: Swinging Strike
1-2: Fly out, F8 (Line Drive, 8LXD)
Runner from 2nd tags up, SAFE at 3rd, no throw
Batting: RHB Mal Snyder 0-0: Intentional Walk
Pinch Hitting: RHB Edgardo Carrasco 0-0: Called Strike
0-1: Ball
1-1: Ground out 5-3 (Groundball, 56)
Mal Snyder to second
Batting: LHB Leonard Harvey 0-0: Called Strike
0-1: Ball
1-1: Called Strike
1-2: Foul Ball, location: 2F
1-2: Fly out, F6 (Popup, 6M)
Top of the 9th over - 0 run(s), 1 hit(s), 0 error(s), 2 left on base; District 9 4 - Las Vegas 4
BOTTOM OF THE 9TH
Las Vegas Stars batting - Pitching for District 9 Prawns : LHP Pedro Valdés
Now at 2B: Phil Jacobs
Batting: RHB Douglas Davis 0-0: Swinging Strike
0-1: SINGLE (Flyball, 89S)
Pinch Hitting: RHB José Zúñiga 0-0: Foul Ball, location: 2F
0-1: Ball
1-1: Foul Ball, location: 2F
1-2: Strikes out swinging
Pitching: RHP Johnathan McJannett
Batting: RHB Ryan Campbell 0-0: Called Strike
0-1: Ball
1-1: Called Strike
1-2: Ball
2-2: Strikes out swinging
Batting: RHB Matthieu Vancini 0-0: Called Strike
0-1: Called Strike
0-2: Ball
1-2: Ball
2-2: Fly out, F9 (Flyball, 9LS)
Bottom of the 9th over - 0 run(s), 1 hit(s), 0 error(s), 1 left on base; District 9 4 - Las Vegas 4
TOP OF THE 10TH
District 9 Prawns batting - Pitching for Las Vegas Stars : RHP Armando López
Now in RF: José Zúñiga
Batting: LHB Ernie Russell 0-0: Ball
1-0: Called Strike
1-1: Ball
2-1: Ground out 6-3 (Groundball, 6M)
Batting: RHB Alfredo Rangel 0-0: Ground out 5-3 (Groundball, 5S)
Batting: RHB Lateef Makini 0-0: Called Strike
0-1: Ball
1-1: Called Strike
1-2: Ball
2-2: Ground out 5-3 (Groundball, 5)
Top of the 10th over - 0 run(s), 0 hit(s), 0 error(s), 0 left on base; District 9 4 - Las Vegas 4
BOTTOM OF THE 10TH
Las Vegas Stars batting - Pitching for District 9 Prawns : RHP Johnathan McJannett
Batting: LHB Eliot Helen 0-0: Called Strike
0-1: SINGLE (Groundball, 3D)
Batting: RHB Kyle Bacon 0-0: Ball
1-0: Called Strike
1-1: Ball
2-1: Foul Ball, location: 2F
2-2: Strikes out swinging
Batting: SHB Sloan James 0-0: Called Strike
0-1: Ball
1-1: Called Strike
1-2: Ball
2-2: Strikes out swinging
Batting: RHB Reginaldo Jaconelli 0-0: Swinging Strike
0-1: Ball
1-1: Foul Ball, location: 2F
1-2: Ground out 5-3 (Groundball, 5S)
Bottom of the 10th over - 0 run(s), 1 hit(s), 0 error(s), 1 left on base; District 9 4 - Las Vegas 4
TOP OF THE 11TH
District 9 Prawns batting - Pitching for Las Vegas Stars : RHP Armando López
Pitching: LHP Ricardo Díaz
Batting: LHB Leonard Young 0-0: Ball
1-0: Ball
2-0: SINGLE (Line Drive, 9S)
Batting: RHB Brian Jackson 0-0: Called Strike
0-1: Ball
1-1: Ball
2-1: Sac Bunt - play at first, batter OUT! 1-4
Leonard Young to second
Batting: RHB Lúcio García 0-0: Called Strike
0-1: Foul Ball, location: 2F
0-2: Ball
1-2: Ball
2-2: Strikes out looking
Batting: RHB Mal Snyder 0-0: Called Strike
0-1: Ball
1-1: Ball
2-1: Swinging Strike
2-2: Ball
3-2: Base on Balls
Batting: RHB Phil Jacobs 0-0: SINGLE (Line Drive, 6M)
Leonard Young to third
Mal Snyder to second
Runner from 3rd tries for Home, SAFE, no throw or cutoff
Pinch Hitting: RHB Carlos Flores 0-0: Swinging Strike
0-1: Foul Ball, location: 2F
0-2: Ball
1-2: Strikes out swinging
Top of the 11th over - 1 run(s), 2 hit(s), 0 error(s), 2 left on base; District 9 5 - Las Vegas 4
BOTTOM OF THE 11TH
Las Vegas Stars batting - Pitching for District 9 Prawns : RHP Johnathan McJannett
Pitching: RHP Emílio Cordero
Now in CF: Eddie Shirley
Batting: RHB Susumu Sugiyama 0-0: Called Strike
0-1: Fly out, F8 (Flyball, 8RD)
Batting: RHB Douglas Davis 0-0: Ball
1-0: Foul Ball, location: 2F
1-1: Ball
2-1: SINGLE (Groundball, 6MD)
Batting: RHB José Zúñiga 0-0: Called Strike
0-1: Ball
1-1: Swinging Strike
1-2: Fly out, F9 (Flyball, 9M)
Batting: RHB Ryan Campbell 0-0: Foul Ball, location: 2F
0-1: Swinging Strike
0-2: Ball
1-2: Ball
Wild Pitch!
Douglas Davis to second
2-2: Strikes out looking
Bottom of the 11th over - 0 run(s), 1 hit(s), 0 error(s), 1 left on base; District 9 5 - Las Vegas 4
Monday, December 5th, 2016 - OOTP Baseball 17.12 Build 75